 Dungeon Crawl Stone Soup version 0.29.0-4-gdea44cf6ec (webtiles) character file.

Game seed: 808875784281160715

105 qw the Chopper (level 4, 0/26 HPs)
             Began as a Tengu Warper on Aug 28, 2022.
             Slain by Sigmund
             ... wielding a +1 scythe of protection
              (10 damage)
             ... on level 3 of the Dungeon.
             The game lasted 00:00:15 (2432 turns).

qw the Chopper (Tengu Warper)                       Turns: 2432, Time: 00:00:16

Health: 0/26       AC:  5    Str: 13    XL:     4   Next: 81%
Magic:  8/8        EV: 11    Int: 13    God:
Gold:   110        SH:  0    Dex: 14    Spells: 7/7 levels left

rFire   . . .      SeeInvis .   Y - +0 hand axe
rCold   . . .      Faith    .   (no shield)
rNeg    . . .      Spirit   .   k - +0 ring mail
rPois   .          Reflect  .   (helmet restricted)
rElec   .          Harm     .   (no cloak)
rCorr   .          Rampage  .   (no gloves)
Will    .....                   (boots unavailable)
Stlth   +.........              (no amulet)
HPRegen 0.08/turn               (no ring)
MPRegen 0.11/turn               (no ring)

@: no status effects
A: beak, talons 3
a: no special abilities


You were on level 3 of the Dungeon.
You visited 1 branch of the dungeon, and saw 3 of its levels.

You collected 174 gold pieces.
You spent 64 gold pieces at shops.


Innate Abilities, Weirdness & Mutations

You have a beak for a mouth.
You have claws for feet.


   Skills:
 - Level 2.0 Fighting
 + Level 5.3 Axes
 - Level 1.0 Throwing
 - Level 1.1 Armour
 - Level 2.1 Dodging
 - Level 2.0 Spellcasting
 - Level 2.4 Translocations


You had 7 spell levels left.
You didn't know any spells.
Your spell library contained the following spells:

 Spells                   Type           Power      Damage    Failure   Level
 Blink                    Tloc           14%        N/A       30%         2
 Gell's Gravitas          Tloc           7%         N/A       52%         3
 Lesser Beckoning         Tloc           7%         N/A       52%         3
 Teleport Other           Tloc           7%         N/A       52%         3
 Manifold Assault         Tloc           7%         N/A       99%         5

Inventory:

Hand Weapons
 e - a +0 club
 Y - a +0 hand axe (weapon)
Armour
 k - a +0 ring mail (worn)
Scrolls
 a - 2 scrolls of identify
 c - a scroll of fear {unknown}
 f - 3 scrolls of teleportation
 g - a scroll of silence {unknown}
 i - 3 scrolls of enchant armour
Potions
 b - 2 potions of haste {unknown}
 d - a potion of flight {unknown}
 h - a potion of might
 m - a potion of curing
 n - a potion of mutation {unknown}

Dungeon Overview and Level Annotations

Branches:
Dungeon (3/15)

Altars:
Gozag
Xom
Zin

Shops:
D:1 *

Annotations:
D:3 Sigmund


Message History

You hit the jackal. You peck the jackal. Your punch misses the jackal.
The jackal is severely wounded.
The jackal barely misses you.
A jackal comes into view.
You hit the jackal.
You kill the jackal!
You hit the jackal. Your kick misses the jackal.
The jackal is heavily wounded.
The jackal barely misses you. x2
You barely miss the jackal.
The jackal is heavily wounded.
The jackal bites you but does no damage.
You slash the jackal!
You kill the jackal!
The jackal completely misses you.
You barely miss the jackal. You peck the jackal, but do no damage.
The jackal closely misses you.
You barely miss the jackal. You claw the jackal.
The jackal is lightly wounded.
The jackal closely misses you.
The jackal bites you but does no damage.
You hit the jackal.
You kill the jackal!
Things that are here:
a jackal corpse; a jackal corpse; a jackal corpse
Found a scroll of blinking.
Sigmund the Dreaded comes into view.
He is wielding a +1 scythe of protection and carrying a wand of polymorph (3).
You see here a +0 dagger.
Sigmund shouts!
Sigmund zaps a wand.
You resist with some effort. Sigmund casts a spell at you.
The magic dart hits you.
Sigmund points at you and mumbles some strange words.
The puff of flame misses you. Sigmund casts a spell at you.
The puff of flame hits you!
You completely miss Sigmund. You claw Sigmund. Your peck misses Sigmund.
Sigmund is lightly wounded.
Sigmund hits you with a +1 scythe of protection!
You die...

...../.......# #.#
.......%.....### #.#
.....##.####....## #^####
..........## #..# #....#
.#.....#...#####.##### #....#
....##.#...##........# ##%...#
###.##...#..#........###.....#
###............@.............#
.....##..#......@....#..#....#
##...................).##....#
#..)>).....##........####.####
............#.?......# #.#
.....(#####.########## #.#
.####....# .# #.# ..# ###.. .
.. ### # #


You could see Sigmund.

Vanquished Creatures
  2 adders
  2 worms (D:2)
  3 dart slugs
  3 orcs (D:3)
  8 ball pythons
  6 endoplasms
  2 giant cockroaches
  3 goblins
  10 hobgoblins
  9 jackals
  A quokka (D:1)
  4 bats
  6 frilled lizards
  3 kobolds
  2 rats (D:3)
64 creatures vanquished.

Notes
Turn   | Place    | Note
-------+----------+-------------------------------------------
     0 | D:1      | qw the Tengu Warper began the quest for the Orb.
     0 | D:1      | Reached XP level 1. HP: 12/12 MP: 4/4
     0 | D:1      | 0 ||| qw: Version: 0.1-a-89-g26bdef1
     0 | D:1      | 0 ||| qw: Game counter: 1471
     0 | D:1      | 0 ||| qw: Always use a shield: true
     0 | D:1      | 0 ||| qw: God list: Okawaru
     0 | D:1      | 0 ||| qw: Allow faded altars: false
     0 | D:1      | 0 ||| qw: Do Orc after D:15 true
     0 | D:1      | 0 ||| qw: Do second Lair branch before Depths: true
     0 | D:1      | 0 ||| qw: Lair rune preference: random
     0 | D:1      | 0 ||| qw: Plans: Normal
     0 | D:1      | 0 ||| PLANNING D:1-11
    53 | D:1      | 53 ||| Stepping ~*~*~tactically~*~*~ (stealth).
    56 | D:1      | 56 ||| Stepping ~*~*~tactically~*~*~ (stealth).
    59 | D:1      | Reached XP level 2. HP: 14/17 MP: 6/6
    63 | D:1      | Reached skill level 3 in Axes
   325 | D:1      | 325 ||| Stepping ~*~*~tactically~*~*~ (stealth).
   327 | D:1      | 327 ||| Stepping ~*~*~tactically~*~*~ (stealth).
   329 | D:1      | 329 ||| Stepping ~*~*~tactically~*~*~ (stealth).
   464 | D:1      | Reached XP level 3. HP: 21/21 MP: 7/7
   699 | D:1      | Found Izifut's Assorted Antiques.
   708 | D:1      | 708 ||| BUYING 2 scrolls labelled WADDEA RAUSOSI (64 gold).
   708 | D:1      | Bought 2 scrolls labelled WADDEA RAUSOSI for 64 gold pieces
   708 | D:1      | 708 ||| SHOPLISTING 3 scrolls labelled MUFAFO WOWIF (96
                  | gold, have 2).
   708 | D:1      | 708 ||| SHOPLISTING amethyst potion (28 gold, have 2).
   708 | D:1      | 708 ||| SHOPLISTING club (32 gold, have 2).
   708 | D:1      | 708 ||| SHOPLISTING glowing chain mail (240 gold, have 2).
   708 | D:1      | 708 ||| SHOPLISTING scroll labelled FEBIGHU ZEPHOBE (32
                  | gold, have 2).
   708 | D:1      | 708 ||| SHOPLISTING whip (80 gold, have 2).
   761 | D:1      | Reached skill level 4 in Axes
   771 | D:1      | 771 ||| Stepping ~*~*~tactically~*~*~ (stealth).
   779 | D:1      | 779 ||| Stepping ~*~*~tactically~*~*~ (stealth).
   782 | D:1      | 782 ||| Stepping ~*~*~tactically~*~*~ (stealth).
   783 | D:1      | 783 ||| Stepping ~*~*~tactically~*~*~ (stealth).
   881 | D:1      | 881 ||| UPGRADING to +0 ring mail.
   891 | D:1      | 891 ||| DROPPING +0 leather armour.
   892 | D:1      | 892 ||| READING 2 scrolls labelled CUESEU QIUTA.
   893 | D:1      | 893 ||| READING 3 scrolls labelled WADDEA RAUSOSI.
   898 | D:1      | 898 ||| READING scroll labelled XUKAOL ASTADORPH.
   899 | D:1      | 899 ||| READING scroll labelled ZUNLIO ZEUNUL.
   900 | D:1      | 900 ||| READING scroll labelled XEEGOV ZEFAO.
   901 | D:1      | 901 ||| DRINKING 2 yellow potions.
   902 | D:1      | 902 ||| DRINKING 2 purple potions.
   903 | D:1      | 903 ||| DROPPING scroll of blinking.
   904 | D:1      | 904 ||| DROPPING potion of attraction.
  1313 | D:2      | Found a faded altar of an unknown god.
  1508 | D:2      | Reached XP level 4. HP: 26/26 MP: 8/8
  1873 | D:2      | 1873 ||| READING scroll labelled HIKUCYBLOENN.
  1874 | D:2      | 1874 ||| DRINKING 2 black potions.
  1875 | D:2      | 1875 ||| READING 2 scrolls of identify.
  1875 | D:2      | 1875 ||| IDENTIFYING fizzy black potion
  1876 | D:2      | 1876 ||| DROPPING potion of lignification.
  1972 | D:3      | 1972 ||| Stepping ~*~*~tactically~*~*~ (stealth).
  1983 | D:3      | 1983 ||| Stepping ~*~*~tactically~*~*~ (stealth).
  2007 | D:3      | Reached skill level 5 in Axes
  2010 | D:3      | Found a shimmering altar of Xom.
  2029 | D:3      | 2029 ||| Stepping ~*~*~tactically~*~*~ (stealth).
  2049 | D:3      | 2049 ||| FLEEEEING.
  2091 | D:3      | 2091 ||| Stepping ~*~*~tactically~*~*~ (stealth).
  2208 | D:3      | Found an opulent altar of Gozag.
  2237 | D:3      | Found a glowing silver altar of Zin.
  2426 | D:3      | Noticed Sigmund
  2432 | D:3      | Slain by Sigmund

Levels and vault maps discovered:
D:1:      giann_bridges, layout_rooms, serial_shops, shop
D:2:      layout_basic, hellmonk_ecumenical_altar_dog_temple
D:3:      layout_rooms, pdpol_temple_overflow_zin_treasury_gozag_greed,
          mainiacjoe_overflow_paths, uniq_sigmund

Skill      XL: |  1  2  3  4 |
---------------+-------------+-----
Axes           | 3 4 5 |  5.3
Fighting       | |  2.0
Throwing       | |  1.0
Armour         | |  1.1
Dodging        | |  2.1
Spellcasting   | |  2.0
Translocations | |  2.4

Action                   |  1- 3 |  4- 6 || total
-------------------------+-------+-------++-------
Melee: Hand axe          |    98 |    62 ||   160
       Kick              |    31 |    15 ||    46
       Peck              |    16 |     8 ||    24
       Punch             |       |     2 ||     2
Throw: Boomerang         |     7 |       ||     7
  Use: Scroll            |     5 |     2 ||     7
       Potion            |     2 |     1 ||     3
Armor: Leather armour    |    13 |       ||    13
       Ring mail         |     8 |    12 ||    20
Dodge: Dodged            |    61 |    35 ||    96

Table legend:
 A = Non-vault XP
 B = Vault XP
 C = Vault XP percentage of total XP
 D = Non-vault monster count
 E = Vault monster count
 F = Vault count percentage of total count
                 A         B        C        D         E       F
            +---------+---------+-------+---------+---------+-------
      Total |     146 |       4 |   2.7 |      62 |       2 |   3.1
            +---------+---------+-------+---------+---------+-------
        D:1 |      55 |       0 |   0.0 |      30 |       0 |   0.0
        D:2 |      42 |       4 |   8.7 |      14 |       2 |  12.5
        D:3 |      49 |       0 |   0.0 |      18 |       0 |   0.0
            +---------+---------+-------+---------+---------+-------
